 Dungeon Crawl Stone Soup version 0.29-a0-732-g3d7fbe0af2 (webtiles) character file.

Game seed: 14579599705556686737

21 elite277 the Grave Robber (level 3, -2/24 HPs)
             Began as a Human Necromancer on June 29, 2022.
             Frozen to death by an endoplasm (3 damage)
             ... on level 1 of the Dungeon.
             The game lasted 00:02:32 (400 turns).

elite277 the Grave Robber (Human Necromancer)        Turns: 400, Time: 00:02:33

Health: -2/24      AC:  2    Str:  8    XL:     3   Next: 2%
Magic:  1/6        EV: 12    Int: 17    God:
Gold:   0          SH:  0    Dex: 13    Spells: 5/6 levels left

rFire   . . .      SeeInvis .   c - +0 mace
rCold   . . .      Faith    .   (no shield)
rNeg    . . .      Spirit   .   a - +0 robe
rPois   .          Reflect  .   (no helmet)
rElec   .          Harm     .   (no cloak)
rCorr   .          Rampage  .   (no gloves)
Will    .....                   (no boots)
Stlth   ++........              (no amulet)
HPRegen 0.08/turn               (no ring)
MPRegen 0.10/turn               (no ring)

@: no status effects
A: no striking features
a: no special abilities


You were on level 1 of the Dungeon.
You visited 1 branch of the dungeon, and saw 1 of its levels.

Inventory:

Hand Weapons
 c - a +0 mace (weapon)
Armour
 a - a +0 robe (worn)
 g - a +0 leather armour
Jewellery
 d - a ring of willpower
Scrolls
 e - a scroll of teleportation {unknown}
 f - a scroll of vulnerability {unknown}
Potions
 b - a potion of magic


   Skills:
 + Level 2.0 Dodging
 + Level 2.1 Stealth
 + Level 2.3 Spellcasting
 + Level 4.5 Necromancy


You had 5 spell levels left.
You knew the following spells:

 Your Spells              Type           Power      Damage    Failure   Level
a - Necrotize             Necr           68%        1d7       3%          1

Your spell library contained the following spells:

 Spells                   Type           Power      Damage    Failure   Level
 Vampiric Draining        Necr           17%        2d7       9%          3
 Ensorcelled Hibernation  Hex/Ice        2%         N/A       28%         2
 Animate Dead             Necr           17%        N/A       28%         4
 Spider Form              Tmut/Pois      1%         N/A       50%         3
 Anguish                  Hex/Necr       4%         N/A       58%         4
 Agony                    Necr           17%        N/A       63%         5


Dungeon Overview and Level Annotations

Branches:
Dungeon (1/15)

Altars:


Message History

The jackal barely misses you.
You hit the jackal.
You kill the jackal!
You have reached level 3!
Your experience leads to an increase in your attributes!
Increase (S)trength, (I)ntelligence, or (D)exterity?
You feel clever. x2
You see here a jackal corpse.
The endoplasm quivers.
The endoplasm hits you. The endoplasm completely misses you.
The endoplasm hits you but does no damage.
The endoplasm barely misses you. The endoplasm freezes you.
You are frozen.
The endoplasm freezes you.
You are frozen.
The endoplasm freezes you.
You are frozen.
The endoplasm hits you but does no damage.
You hit the endoplasm.
The endoplasm is moderately wounded.
The endoplasm hits you but does no damage.
The endoplasm freezes you.
You are frozen.
* * * LOW HITPOINT WARNING * * *
Aiming: Necrotize (safe; 3% risk of failure)
Press: ? - help, Q - select action Shift-Dir - straight line, f - endoplasm
Aim: an endoplasm (lightly wounded, chance to affect: 87%)
The endoplasm barely resists.
The endoplasm freezes you.
You are frozen.
* * * LOW HITPOINT WARNING * * *
Aiming: Necrotize (safe; 3% risk of failure)
Press: ? - help, Q - select action Shift-Dir - straight line, f/p - endoplasm
Aim: an endoplasm (lightly wounded, chance to affect: 87%)
The endoplasm writhes in agony.
The endoplasm freezes you.
You are frozen.
You die...

...#....#.# #. #.
#....h.# #. #. #.# #. #.
#.# ##.## #. #.# #....
#.######.##.# #..##
##.#......##)##########.
##....#######.#.).......
#..#).....J@)...# .#
#.......#####...# #
#.#.###.#######.#### .
#...# #............# #
###.###.#######.##.#
##.....# ..# # #....###
#### #....# ## #....# ..


You could see an endoplasm.

Vanquished Creatures
  2 endoplasms (D:1)
  A goblin (D:1)
  4 hobgoblins (D:1)
  A jackal (D:1)
  4 kobolds (D:1)
  A quokka (D:1)
  A frilled lizard (D:1)
  A rat (D:1)
15 creatures vanquished.

Vanquished Creatures (collateral kills)
  2 goblins (D:1)
2 creatures vanquished.

Grand Total: 17 creatures vanquished

Notes
Turn   | Place    | Note
-------+----------+-------------------------------------------
     0 | D:1      | elite277 the Human Necromancer began the quest for the Orb.
     0 | D:1      | Reached XP level 1. HP: 13/13 MP: 3/3
   151 | D:1      | Reached XP level 2. HP: 16/19 MP: 0/5
   370 | D:1      | Reached XP level 3. HP: 16/24 MP: 0/6
   399 | D:1      | HP: 1/24 [frozen (2)]
   400 | D:1      | Frozen to death by an endoplasm

Illustrated notes

Levels and vault maps discovered:
D:1:      minmay_arrival_four_houses, layout_loops_ring

Action                   || total
-------------------------++-------
Melee: Mace              ||    24
 Cast: Necrotize         ||    23
Armor: Robe              ||    10
Dodge: Dodged            ||    23

Table legend: (Time is in decaauts)
 A = Elapsed time spent in this place.
 B = Non-inter-level travel time spent in this place.
 C = Inter-level travel time spent in this place.
 D = Time resting spent in this place.
 E = Time spent auto-exploring this place.
 F = Levels seen in this place.
 G = Mean time per level.
                   A        B        C        D        E       F      G
               +--------+--------+--------+--------+--------+-----+--------+
         Total |    409 |    409 |      0 |      0 |    131 |   1 |  409.0 |
       Dungeon |    409 |    409 |      0 |      0 |    131 |   1 |  409.0 |
               +--------+--------+--------+--------+--------+-----+--------+

Top non-repeatable levels by time:
     D:1: 409 daAuts
